 Dungeon Crawl Stone Soup version 0.30.0-19-g36f170ea60 (webtiles) character file.

Game seed: 13966925583144207074

3180 suipiss the Basher (level 9, -9/71 (75) HPs)
             Began as a Purple Draconian Reaver on May 29, 2023.
             Was a Believer of Makhleb.
             Shot with an arrow by a centaur (11 damage)
             ... on level 7 of the Dungeon.
             The game lasted 00:17:10 (7245 turns).

suipiss the Basher (Purple Draconian Reaver)        Turns: 7245, Time: 00:17:11

HP:   -9/71 (75)    AC:  7    Str: 15    XL:     9   Next: 63%
MP:   13/13         EV: 13    Int: 21    God:    Makhleb [**....]
Gold: 352           SH:  0    Dex: 10    Spells: 8/14 levels left

rFire   . . .        b - +3 whip (elec)
rCold   . . .        (no shield)
rNeg    . . .        (body armour unavailable)
rPois   .            (helmet restricted)
rElec   .            (no cloak)
rCorr   .            (no gloves)
SInv    .            (no boots)
Will    +....        r - amulet of magic regeneration
Stlth   ++           e - +6 ring of intelligence
HPRegen 0.31/turn    (no ring)
MPRegen 0.53/turn

%: no passive effects
@: mighty, lethally poisoned (-9 -> -14), flying, slowed, drained, very slow
A: breathe power, AC +7, unfitting armour, cold-blooded, big wings, clumsy 1,
MP-powered wands
a: Breathe Dispelling Energy, Renounce Religion, Minor Destruction


You were on level 7 of the Dungeon.
You worshipped Makhleb.
Makhleb was pleased with you.
You visited 1 branch of the dungeon, and saw 7 of its levels.

You collected 352 gold pieces.

Inventory:

Hand Weapons
 a - a +0 falchion
 b - a +3 whip of electrocution (weapon)
 c - a +3 morningstar of freezing
Jewellery
 e - a +6 ring of intelligence (left hand)
 r - an amulet of magic regeneration (around neck)
Wands
 f - a wand of polymorph (1)
 i - a wand of roots (8)
 k - a wand of paralysis (6)
 o - a wand of flame (23)
Scrolls
 d - a scroll of enchant armour
 h - 4 scrolls of teleportation
 l - a scroll of identify
 n - a scroll of amnesia


   Skills:
 + Level 6.2 Fighting
 + Level 4.0 Long Blades
 + Level 8.1 Maces & Flails
 + Level 6.4 Dodging
 + Level 3.3 Stealth
 + Level 2.8 Unarmed Combat
 + Level 3.2 Spellcasting
 + Level 3.5 Conjurations
 + Level 0.4 Necromancy
 + Level 1.1 Translocations
 + Level 0.3 Evocations


You had 8 spell levels left.
You knew the following spells:

 Your Spells              Type           Power      Damage    Failure   Level
a - Kiss of Death         Conj/Necr      44%        2d8       6%          1
b - Momentum Strike       Conj/Tloc      26%        3d8       8%          2
c - Inner Flame           Hex/Fire       3%         N/A       36%         3

Your spell library contained the following spells:

 Spells                   Type           Power      Damage    Failure   Level
 Hailstorm                Conj/Ice       10%        3d5       19%         3
 Gell's Gravitas          Tloc           8%         N/A       24%         3
 Teleport Other           Tloc           8%         N/A       24%         3
 Flame Wave               Conj/Fire      10%        2d6       52%         4
 Sticky Flame             Conj/Fire      10%        2d3       52%         4
 Dispersal                Tloc           4%         N/A       100%        6


Dungeon Overview and Level Annotations

Branches:
Dungeon (7/15)             Temple (0/1) D:6

Altars:
Ashenzari
Cheibriados
Elyvilon
Gozag
Hepliaklqana
Kikubaaqudgha
Makhleb
Sif Muna
The Shining One

Shops:
D:2 [


Innate Abilities, Weirdness & Mutations

You can breathe bolts of dispelling energy.
Your rich purple scales are hard. (AC +7)
You cannot fit into any form of body armour.
You are cold-blooded and may be slowed by cold attacks.
Your large and strong wings let you fly.
You are clumsy. (Dex -2)
You expend magic power (3 MP) to strengthen your wands.


Message History

The kobold moves out of view.
Blink to where?
Press: ? - help, Dir - move target
As you read the scroll of blinking, it crumbles to dust.
You feel very sick.
Okay, then.
You feel better.
The kobold brigand throws a curare-tipped dart.
The curare-tipped dart barely misses you.
You see here a +0 short sword.
The centaur shoots an arrow.
The arrow hits you!
Items here: (( )))) †.
The centaur shoots an arrow.
The arrow hits you but does no damage.
The kobold brigand throws a curare-tipped dart.
The curare-tipped dart hits you.
You are poisoned.
You have difficulty breathing.
* * * LOW HITPOINT WARNING * * *
You feel as though you will be slow longer.
The centaur shoots an arrow.
The arrow closely misses you.
The centaur shoots an arrow.
The arrow hits you!
* * * LOW HITPOINT WARNING * * *
Things that are here:
8 poisoned darts; a +0 club
Okay, then.
It was a potion of flight.
You feel more buoyant.
* * * LOW HITPOINT WARNING * * *
You feel very sick.
The centaur shoots an arrow.
The arrow barely misses you.
The centaur shoots an arrow.
The arrow misses you.
You hear a shout!
Unknown command.
It was a potion of might.
You feel very mighty all of a sudden.
* * * LOW HITPOINT WARNING * * *
You feel very sick.
The kobold shouts!
The centaur shoots an arrow.
The arrow hits you!
You die...

. .... ##. #..#.. . # .. #+##
#..#.. #.#.##.###..# #..#..
..........# #..#.# ..
..##..#..#####..#.#
....#..#.#.....##..#.#
.......#...###.##..#.###
##########..#...@))...#...# .
............######).......#####..
#......<....# ##...#c#.......#
#...####.#### #...#K.K..#...#..
#.................#....#..c.#....
.##########....#...#..K..#...#..
..........#.#.......# ##
#.#.#....K..#K#... #
....#...#.... #.


You could see a kobold brigand, a centaur and 2 kobolds.

Vanquished Creatures
  Pikel (D:4)
  Grinder (D:5)
  A wraith (D:7)
  Sigmund (D:3)
  A steam dragon (D:6)
  Menkaure (D:4)
  A water moccasin (D:5)
  Duvessa (D:4)
  A black bear (D:7)
  A sky beast (D:6)
  2 ice beasts (D:5)
  An ogre (D:5)
  A phantom (D:5)
  A kobold brigand (D:7)
  3 scorpions
  Dowan (D:4)
  4 wights
  2 howler monkeys
  3 hounds
  2 orc priests
  An iron imp (D:3)
  3 orc wizards
  Natasha (thrice) (D:3)
  4 iguanas
  5 adders
  5 gnolls
  A shadow imp (D:6)
  A white imp (D:7)
  A worm (D:2)
  4 dart slugs
  18 orcs
  4 ball pythons
  6 endoplasms
  10 giant cockroaches
  8 goblins
  7 hobgoblins
  3 quokkas
  7 bats
  9 kobolds
  5 rats
135 creatures vanquished.

Notes
Turn   | Place    | Note
-------+----------+-------------------------------------------
     0 | D:1      | suipiss the Draconian Reaver began the quest for the Orb.
     0 | D:1      | Reached XP level 1. HP: 17/17 MP: 3/3
   189 | D:1      | Reached XP level 2. HP: 19/22 MP: 3/5
   208 | D:1      | Learned a level 2 spell: Momentum Strike
   351 | D:1      | Found a faded altar of an unknown god.
   694 | D:2      | Found Ibemovesch's Armour Shop.
   728 | D:2      | Reached XP level 3. HP: 30/30 MP: 6/6
   743 | D:2      | Found a glowing golden altar of the Shining One.
  1440 | D:3      | Noticed Sigmund
  1453 | D:3      | Killed Sigmund
  1454 | D:3      | Reached skill level 2 in Maces & Flails
  1454 | D:3      | Reached skill level 1 in Stealth
  1454 | D:3      | Reached XP level 4. HP: 19/38 MP: 3/7
  1454 | D:3      | Reached XP level 5. HP: 23/45 MP: 3/8
  1579 | D:3      | Reached skill level 3 in Maces & Flails
  1629 | D:3      | Reached XP level 6. HP: 32/51 MP: 9/9
  2051 | D:3      | Found a white marble altar of Elyvilon.
  2054 | D:3      | Found a burning altar of Makhleb.
  2055 | D:3      | Found a glowing golden altar of the Shining One.
  2056 | D:3      | Found an ancient bone altar of Kikubaaqudgha.
  2056 | D:3      | Found a broken altar of Ashenzari.
  2056 | D:3      | Found a hazy altar of Hepliaklqana.
  2056 | D:3      | Noticed Natasha
  2057 | D:3      | Found an opulent altar of Gozag.
  2058 | D:3      | Killed Natasha
  2068 | D:3      | Became a worshipper of Makhleb the Destroyer
  2230 | D:3      | Noticed Natasha
  2244 | D:3      | Killed Natasha
  2309 | D:3      | Noticed Natasha
  2315 | D:3      | Killed Natasha
  2371 | D:3      | Found a snail-covered altar of Cheibriados.
  2499 | D:3      | Gained mutation: Your large and strong wings let you fly.
                  | [potion of mutation]
  2499 | D:3      | Gained mutation: You are clumsy. (Dex -2) [potion of
                  | mutation]
  2499 | D:3      | Gained mutation: You expend magic power (3 MP) to
                  | strengthen your wands. [potion of mutation]
  2504 | D:3      | Reached skill level 4 in Maces & Flails
  2504 | D:3      | Your scales start taking on a rich purple colour.
  2504 | D:3      | Reached XP level 7. HP: 35/58 MP: 11/11
  2682 | D:4      | HP: 2/49 [wight/+4 war axe (1)]
  2688 | D:4      | HP: 2/76 [goblin/+0 dagger (2)]
  2959 | D:4      | Noticed Dowan
  2961 | D:4      | Noticed Duvessa
  2978 | D:4      | Killed Duvessa
  2987 | D:4      | Killed Dowan
  2988 | D:4      | Reached skill level 5 in Maces & Flails
  2991 | D:4      | Noticed Menkaure
  3000 | D:4      | Killed Menkaure
  3001 | D:4      | Reached skill level 1 in Translocations
  3394 | D:4      | Reached XP level 8. HP: 63/66 MP: 12/12
  3489 | D:4      | Noticed Pikel
  3503 | D:4      | Killed Pikel
  3504 | D:4      | Reached skill level 5 in Fighting
  3504 | D:4      | Reached skill level 6 in Maces & Flails
  3504 | D:4      | Reached skill level 1 in Unarmed Combat
  3817 | D:5      | Entered Level 5 of the Dungeon
  3857 | D:5      | Reached * piety under Makhleb
  3858 | D:5      | Reached skill level 5 in Dodging
  4490 | D:5      | Reached XP level 9. HP: 65/71 MP: 13/13
  4536 | D:5      | Noticed Grinder
  4549 | D:5      | Reached skill level 7 in Maces & Flails
  4557 | D:5      | Paralysed by Grinder for 5 turns
  4567 | D:5      | Killed Grinder
  5175 | D:5      | Learned a level 3 spell: Inner Flame
  5964 | D:6      | Found a staircase to the Ecumenical Temple.
  6902 | D:6      | Found a shimmering blue altar of Sif Muna.
  7012 | D:7      | Reached ** piety under Makhleb
  7019 | D:7      | Reached skill level 8 in Maces & Flails
  7245 | D:7      | HP: 2/71 [poisoned by a kobold brigand (curare-tipped
                  | dart)]
  7245 | D:7      | Shot with an arrow by a centaur

Illustrated notes

Levels and vault maps discovered:
D:1:      wander_arrival_lonely_grave, layout_loops_ring,
          hellmonk_ecumenical_altar_inner_sanctum
D:2:      layout_loops_cross, basic_altar, serial_shops, shop,
          chequers_serial_rivers_micro_a
D:3:      layout_loops_ring, grunt_temple_overflow_open, slow_altar_2,
          grunt_ministairs_14, corexii_leaking_fountain, minmay_misc_feat_iff,
          uniq_natasha, uniq_sigmund
D:4:      layout_loops_ring, nicolae_titane, uniq_menkaure, uniq_duvessa,
          uniq_pikel
D:5:      layout_rooms, uniq_grinder
D:6:      layout_loops_corners, tgw_sif, temple_pool_b
D:7:      layout_basic, mainiacjoe_overflow_cross_hatched,
          nicolae_kite_square_tiling_tiny, st_stairs_13, moated_statue,
          minmay_curled_crystal, uniq_crazy_yiuf_cottage

Skill      XL: |  1  2  3  4  5  6  7  8  9 |
---------------+----------------------------+-----
Dodging        | 2 3 4 5 6 |  6.4
Fighting       | 3 4 5 6 |  6.2
Long Blades    | 4 |  4.0
Maces & Flails | 2 3 4 5 6 8 |  8.1
Stealth        | 1 2 3 |  3.3
Spellcasting   | 3 |  3.2
Translocations | 1 |  1.1
Unarmed Combat | 2 |  2.8
Conjurations   | |  3.5
Necromancy     | |  0.4
Evocations     | |  0.3

Action                     |  1- 3 |  4- 6 |  7- 9 || total
---------------------------+-------+-------+-------++-------
  Melee: Falchion          |    44 |       |       ||    44
         Tailslap          |    10 |    13 |    42 ||    65
         Whip              |    54 |   105 |   320 ||   479
         Punch             |       |     2 |     7 ||     9
         Unarmed           |       |       |    16 ||    16
         Morningstar       |       |       |    22 ||    22
   Cast: Kiss of Death     |     2 |       |     6 ||     8
         Momentum Strike   |     3 |     4 |     4 ||    11
Ability: Breathe Dispellin |       |       |     4 ||     4
  Evoke: Wand              |       |       |     5 ||     5
    Use: Scroll            |     1 |     1 |    12 ||    14
         Potion            |     1 |     2 |    10 ||    13
   Stab: Sleeping          |     2 |     1 |     3 ||     6
         Confused          |       |       |     1 ||     1
 Armour: Skin              |    49 |    17 |    82 ||   148
  Dodge: Dodged            |    82 |    71 |   182 ||   335
